 Dungeon Crawl Stone Soup version 0.16-a0-778-g0731923 (webtiles) character file.

55 PolkaDot the Caller (level 3, 0/24 HPs)
             Began as a Vampire Summoner on Sept 24, 2014.
             Slain by an orc
             ... wielding a +0 club
              (2 damage)
             ... on Level 3 of the Dungeon on Sept 25, 2014.
             The game lasted 00:10:02 (2269 turns).

PolkaDot the Caller (Vampire Summoner)              Turns: 2269, Time: 00:10:03

HP   0/24        AC  2     Str  7      XL: 3   Next: 67%
MP   1/6         EV 12     Int 23      God:
Gold 104         SH  0     Dex 14      Spells:  3 memorised,  0 levels left

rFire  . . .     SeeInvis +     q - +0 dagger
rCold  . . .     Clarity  .     a - +0 robe
rNeg   . . .     rCorr    .     (no shield)
rPois  .         rRot     .     (no helmet)
rElec  .         Spirit   .     (no cloak)
SustAb .         Warding  .     (no gloves)
rMut   .         Stasis   .     (no boots)
Gourm  .                        e - amulet of faith
MR     .....                    (no ring)
                                (no ring)

@: confused, brilliant, regenerating quickly, not resistant to hostile
enchantments, very unstealthy
A: fangs 3, see invisible, unbreathing
a: no special abilities


You were on level 3 of the Dungeon.
You were very full.

You visited 1 branch of the dungeon, and saw 3 of its levels.

You collected 104 gold pieces.

Inventory:

Hand weapons
 q - a +0 dagger (weapon)
Armour
 a - a +0 robe (worn)
Scrolls
 c - a scroll of identify {unknown}
 d - a scroll of blinking {unknown}
 f - a scroll of amnesia {unknown}
 g - 4 scrolls of magic mapping {unknown}
 k - a scroll of noise {unknown}
 m - a scroll of teleportation {unknown}
 n - a scroll of remove curse {unknown}
Jewellery
 e - an amulet of faith (around neck)
Potions
 j - a potion of curing {unknown}
 l - a potion of restore abilities {unknown}
 o - a potion of heal wounds {unknown}
 p - a potion of magic {unknown}
 r - a potion of resistance {unknown}
Books
 b - a book of Callings

   Spells                             Type                      Level
   *Summon Small Mammal               Summoning                    1
   *Call Imp                          Summoning                    2
   *Call Canine Familiar              Summoning                    3
   Summon Guardian Golem              Hexes/Summoning              4
   Summon Lightning Spire             Summoning/Air                4
   Summon Ice Beast                   Ice/Summoning                4


   Skills:
 - Level 2.1 Dodging
 - Level 3.0 Stealth
 - Level 2.0 Spellcasting
 * Level 5.4 Summonings


You couldn't memorise any spells.
You knew the following spells:

 Your Spells              Type           Power        Failure   Level  Hunger
a - Summon Small Mammal   Summ           ####         1%          1    #......
d - Call Canine Familiar  Summ           #####...     1%          3    ###....
s - Call Imp              Summ           #####...     1%          2    ##.....


Dungeon Overview and Level Annotations

Branches:
Dungeon (3/15)

Altars:
Yredelemnul


Innate Abilities, Weirdness & Mutations

Your natural rate of healing is unusually fast.
You have razor-sharp teeth.
You have supernaturally acute eyesight.
You can survive without breathing.


Message History

Drink which item? (? for menu, Esc to quit)
You are confused.
It was a potion of confusion.
The orc priest invokes the aid of Beogh against you.
Something smites you!
* * * LOW HITPOINT WARNING * * *
The orc barely misses your white imp.
Your white imp gestures at the orc priest.
The puff of frost hits the orc priest.
Your hound bites the orc.
The orc hits you with a club.
* * * LOW HITPOINT WARNING * * *
The orc hits your hound.
Drink which item? (? for menu, Esc to quit)
You feel clever all of a sudden.
It was a potion of brilliance.
Your hound bites the orc.
The orc priest misses your white imp.
Your white imp gestures at the orc priest.
The puff of frost hits the orc priest.
The orc barely misses your white imp.
Your hound bites the orc.
The orc hits you with a club.
You die...

.#. ........#
....$....#.
........#..
..#........ .
........oo ...
......?o5# ....
#....)oh#.....#
#.o@........
#..#<#.......
#.#...$#....
#.......# ..#
........... .
#..#.....#.?
......#..#...
.##.# ### . ..


You could see an orc priest, 4 orcs, a friendly hound and a friendly white imp.

Vanquished Creatures
  An adder (D:2)
  An inept item mimic (D:2)
  4 bats
  2 giant cockroaches
  3 goblins
  A hobgoblin (D:2)
  A jackal (D:2)
  2 quokkas (D:2)
  2 ball pythons
  A giant newt (D:1)
  A kobold (D:3)
  10 rats
29 creatures vanquished.

Vanquished Creatures (collateral kills)
  An adder (D:2)
  A worm (D:2)
  A giant gecko (D:2)
  A bat (D:2)
  2 goblins (D:2)
  A hobgoblin (D:2)
  A quokka (D:2)
  A kobold (D:2)
9 creatures vanquished.

Grand Total: 38 creatures vanquished

Notes
Turn   | Place    | Note
--------------------------------------------------------------
     0 | D:1      | PolkaDot, the Vampire Summoner, began the quest for the Orb.
     0 | D:1      | Reached XP level 1. HP: 13/13 MP: 3/3
   700 | D:1      | Reached XP level 2. HP: 11/19 MP: 4/4
  1213 | D:2      | Found a basalt altar of Yredelemnul.
  1221 | D:2      | Reached skill level 5 in Summonings
  1315 | D:2      | Reached XP level 3. HP: 24/24 MP: 6/6
  1335 | D:2      | Learned a level 3 spell: Call Canine Familiar
  1461 | D:2      | Learned a level 2 spell: Call Imp
  2269 | D:3      | Slain by an orc

Action                   || total
-------------------------++-------
Melee: Unarmed           ||   150
       Dagger            ||    46
 Cast: Summon Small Mamm ||    12
       Call Canine Famil ||     3
       Call Imp          ||     2
  Use: Potion            ||     4
 Stab: Sleeping          ||     7
  Eat: Corpse            ||    15
